 Dungeon Crawl Stone Soup version 0.18.1-50-g88ac8fd (webtiles) character file.

142 sleepydude the Shield-Bearer (level 5, -4/42 HPs)
             Began as a Formicid Fighter on Oct 16, 2016.
             Slain by Grinder (8 damage)
             ... on level 5 of the Dungeon.
             The game lasted 00:05:12 (2458 turns).

sleepydude the Shield-Bearer (Formicid Fighter)     Turns: 2458, Time: 00:05:12

Health: -4/42      AC:  7    Str: 26    XL:     5   Next: 49%
Magic:  5/5        EV:  8    Int:  8    God:
Gold:   250        SH: 10    Dex: 10    Spells: 0 memorised, 4 levels left

rFire  . . .     SeeInvis +     a - +0 flail
rCold  . . .     Gourm    .     b - +0 scale mail
rNeg   . . .     Faith    .     c - +0 shield
rPois  .         Spirit   .     (helmet unavailable)
rElec  .         Dismiss  .     (no cloak)
rCorr  .         Reflect  .     (no gloves)
SustAt .         Harm     .     (no boots)
MR     .....                    (no amulet)
Stlth  ..........               (no ring)
                                (no ring)

@: mighty, not resistant to hostile enchantments, extremely unstealthy
A: permanent stasis, dig shafts and tunnels, four strong arms, antennae 3
a: Dig, Shaft Self


You were on level 5 of the Dungeon.
You were very hungry.

You visited 1 branch of the dungeon, and saw 5 of its levels.

You collected 250 gold pieces.

Inventory:

Hand Weapons
 a - a +0 flail (weapon)
Armour
 b - a +0 scale mail (worn)
 c - a +0 shield (worn)
Wands
 r - a wand of polymorph (20/24)
 s - a wand of flame (35/48)
Scrolls
 e - a scroll of fog {unknown}
 g - a scroll of amnesia {unknown}
 h - 3 scrolls of random uselessness {unknown}
 i - 2 scrolls of blinking {unknown}
 j - 4 scrolls of teleportation {unknown}
 m - 3 scrolls of identify {unknown}
 n - a scroll of immolation {unknown}
 q - a scroll of noise {unknown}
Potions
 d - a potion of might
 o - a potion of magic {unknown}
 p - 2 potions of heal wounds {unknown}
 t - a potion of haste {unknown}
 u - a potion of degeneration {unknown}
Comestibles
 f - 3 bread rations
 k - a meat ration


   Skills:
 + Level 4.2 Fighting
 * Level 3.2 Maces & Flails
 + Level 4.2 Armour
 + Level 4.5 Shields


You had 4 spell levels left.
You didn't know any spells.

Dungeon Overview and Level Annotations

Branches:
Dungeon (4/15)
 Temple: D:4-7

Altars:
The Shining One

Annotations:
D:4 bftschaos's ghost, amateur FoFi
D:5 Grinder


Innate Abilities, Weirdness & Mutations

You are under a permanent stasis effect.
You can dig through walls and to a lower floor.
Your four strong arms can wield two-handed weapons with a shield.
You have a pair of large antennae on your head (SInv).


Message History

* * * LOW HITPOINT WARNING * * *
You completely miss Grinder.
Grinder is severely wounded.
Grinder blinks!
You block Grinder's attack.
Drink which item? (? for menu, Esc to quit)
You feel very mighty all of a sudden. Grinder gestures at you.
Pain shoots through your body!
* * * LOW HITPOINT WARNING * * *
You hit Grinder.
Grinder is almost dead.
Grinder barely misses you. Grinder gestures at you.
You resist with significant effort.
You closely miss Grinder.
Grinder is almost dead.
Grinder says, "There's only one good use for a tongue: cutting it out."
Grinder hits you!
You die...

###########
..........#
>########.#
#.# #.# #(#
#.# #5# #@#
#.# #.#
#.....#
######?#


You could see Grinder.

Vanquished Creatures
  A worker ant (D:3)
  4 adders
  An adder skeleton (D:4)
  A worm (D:3)
  2 dart slugs (D:3)
  3 giant geckos
  2 orcs
  7 bats
  5 giant cockroaches
  6 goblins
  9 hobgoblins
  3 jackals (D:2)
  9 kobolds
  A quokka (D:3)
  A ball python (D:4)
  A giant newt (D:1)
  10 rats
66 creatures vanquished.

Notes
Turn   | Place    | Note
--------------------------------------------------------------
     0 | D:1      | sleepydude the Formicid Fighter began the quest for the Orb.
     0 | D:1      | Reached XP level 1. HP: 18/18 MP: 1/1
   182 | D:1      | Reached XP level 2. HP: 24/24 MP: 2/2
   382 | D:1      | Found a glowing golden altar of the Shining One.
   732 | D:1      | Reached XP level 3. HP: 27/30 MP: 3/3
  1140 | D:2      | Reached XP level 4. HP: 37/37 MP: 4/4
  1507 | D:3      | Reached XP level 5. HP: 38/42 MP: 5/5
  1519 | D:3      | Found a faded altar to an unknown god.
  2104 | D:4      | Noticed an ice beast
  2224 | D:4      | Noticed bftschaos's ghost (amateur FoFi)
  2234 | D:4      | You fall through a shaft!
  2234 | D:5      | Entered Level 5 of the Dungeon
  2424 | D:5      | Noticed Grinder
  2458 | D:5      | Slain by Grinder

Skill      XL: |  1  2  3  4  5 |
---------------+----------------+-----
Shields        | 4 |  4.5
Fighting       | 4 |  4.2
Armour         | 4 |  4.2
Maces & Flails | 3 |  3.2

Action                   |  1- 3 |  4- 6 || total
-------------------------+-------+-------++-------
Melee: Flail             |    95 |   142 ||   237
 Abil: Shaft Self        |       |     1 ||     1
  Use: Potion            |       |     1 ||     1
  Eat: Chunk             |     1 |     1 ||     2
       Fruit             |       |     1 ||     1
       Beef jerky        |       |     1 ||     1
Armor: Scale mail        |    57 |    58 ||   115
Dodge: Dodged            |    40 |    50 ||    90
Block: Shield            |    64 |    86 ||   150
